 Dungeon Crawl Stone Soup version 0.28-a0-722-gc0678643b6 (webtiles) character file.

Game seed: 2994863823112390807

46 Lekart the Conjurer (level 3, 0/26 HPs)
             Began as a Draconian Conjurer on Oct 24, 2021.
             Slain by a gnoll (7 damage)
             ... on level 2 of the Dungeon.
             The game lasted 00:04:13 (1916 turns).

Lekart the Conjurer (Draconian Conjurer)            Turns: 1916, Time: 00:04:13

Health: 0/26       AC:  5    Str:  9    XL:     3   Next: 46%
Magic:  4/6        EV: 12    Int: 19    God:
Gold:   98         SH:  0    Dex:  9    Spells: 3/6 levels left

rFire   . . .      SeeInvis .   e - staff of conjuration
rCold   . . .      Faith    .   (no shield)
rNeg    . . .      Spirit   .   (armour unavailable)
rPois   .          Reflect  .   (helmet restricted)
rElec   .          Harm     .   (no cloak)
rCorr   .          Rampage  .   (no gloves)
Will    .....                   (no boots)
Stlth   ++........              (no amulet)
HPRegen 0.08/turn               (no ring)
MPRegen 0.10/turn               (no ring)

@: no status effects
A: AC +5, unfitting armour, cold-blooded
a: no special abilities


You were on level 2 of the Dungeon.
You visited 1 branch of the dungeon, and saw 3 of its levels.

You collected 98 gold pieces.

Inventory:

Missiles
 a - 14 poisoned darts (quivered)
Magical Staves
 e - a staff of conjuration (weapon)
Potions
 b - 2 potions of cancellation
 f - a potion of brilliance {unknown}


   Skills:
 + Level 0.1 Fighting
 + Level 0.2 Throwing
 + Level 1.9 Dodging
 - Level 1.7 Stealth
 + Level 0.9 Unarmed Combat
 + Level 2.2 Spellcasting
 + Level 4.8 Conjurations


You had 3 spell levels left.
You knew the following spells:

 Your Spells              Type           Power      Damage    Failure   Level
a - Magic Dart            Conj           100%       1d8       2%          1
b - Searing Ray           Conj           60%        2d6       3%          2

Your spell library contained the following spells:

 Spells                   Type           Power      Damage    Failure   Level
 Dazzling Flash           Conj/Hex       32%        N/A       19%         3
 Fulminant Prism          Conj/Hex       8%         3d7       52%         4
 Iskenderun's Mystic Bla  Conj/Tloc      16%        2d5       52%         4


Dungeon Overview and Level Annotations

Branches:
Dungeon (3/15)

Altars:


Innate Abilities, Weirdness & Mutations

Your plain brown scales are hard. (AC +5)
You cannot fit into any form of body armour.
You are cold-blooded and may be slowed by cold attacks.


Message History

Casting: Magic Dart (safe; 2% risk of failure)
Confirm with . or Enter, or press ? or * to list all spells.
You can't see any susceptible monsters within range! (Use Z to cast anyway.)
Things that are here:
a +0 whip; 21 stones; a kobold corpse You start resting.
Magic restored.
You start resting.
HP restored.
There is a stone staircase leading down here.
You climb downwards.
You hear the sound of rushing water.
There is an entrance to a sewer on this level.
Hurry and find it before the portal rusts away!
You hear the slow rusting of a distant drain.
The gnoll hits you with a +0 whip. The gnoll hits you with a +0 flail.
There is a stone staircase leading up here.
The gnoll hits you with a +0 whip. The gnoll barely misses you.
You climb upwards.
There is a stone staircase leading down here.
The gnoll hits you with a +0 whip. The gnoll hits you with a +0 flail.
* * * LOW HITPOINT WARNING * * *
Things that are here:
21 stones; a +0 whip; a kobold corpse
Casting: Magic Dart (safe; 2% risk of failure)
Confirm with . or Enter, or press ? or * to list all spells.
Aiming: Magic Dart (safe; 2% risk of failure)
Press: ? - help, Shift-Dir - straight line, f - gnoll
Aim: a gnoll, wielding a +0 whip (100% to hit)
You feel a surge of power!
The magic dart hits the gnoll.
The gnoll is moderately wounded.
The gnoll hits you but does no damage.
Casting: Magic Dart (safe; 2% risk of failure)
Confirm with . or Enter, or press ? or * to list all spells.
Aiming: Magic Dart (safe; 2% risk of failure)
Press: ? - help, Shift-Dir - straight line, f/p - gnoll
Aim: a gnoll, wielding a +0 whip (moderately wounded, 100% to hit)
You feel a surge of power!
The magic dart hits the gnoll.
The gnoll is heavily wounded.
The gnoll hits you with a +0 whip!
You die...

........).######.####
#########.##........#
........#.##........#
.)...####.##........#
..........##........# ##########
.....#######........# #>.......#
.....# #####.g..####........#
.....# #.g....(.........#
.....###########@###............#
.................# #............#
.......#........## #........#####
.......+........# #..).....#
#..#...#........# #........#
#..#.#.#....#.######........#
#..#.#†#.##.#.#.............#
#.........#.#.#.#############
##.#..<#..#.#.#.#####


You could see 2 gnolls.

Vanquished Creatures
  A gnoll (D:2)
  A dart slug (D:2)
  4 ball pythons
  5 endoplasms
  A giant cockroach (D:2)
  3 goblins
  3 hobgoblins (D:1)
  2 jackals (D:2)
  5 kobolds
  A quokka (D:2)
  3 bats
  A frilled lizard (D:2)
  A rat (D:2)
31 creatures vanquished.

Notes
Turn   | Place    | Note
-------+----------+-------------------------------------------
     0 | D:1      | Lekart the Draconian Conjurer began the quest for the Orb.
     0 | D:1      | Reached XP level 1. HP: 14/14 MP: 3/3
   366 | D:1      | Reached XP level 2. HP: 20/20 MP: 3/5
   472 | D:1      | Found a faded altar of an unknown god.
   700 | D:1      | You fall into a shaft and drop 1 floor!
   981 | D:2      | Learned a level 2 spell: Searing Ray
  1037 | D:2      | Reached XP level 3. HP: 26/26 MP: 2/6
  1916 | D:2      | Slain by a gnoll

Illustrated notes

Levels and vault maps discovered:
D:1:      zaba_arrival_water, layout_basic, ebering_ecumenical_altar_hall,
          minmay_tetromino_t2
D:2:      layout_basic, cheibrodos_gnoll_hut
D:3:      layout_basic, portal_sewer_entry_d

Action                   || total
-------------------------++-------
Melee: Unarmed           ||    34
       Tailslap          ||     5
Throw: Dart              ||    13
 Cast: Magic Dart        ||    55
  Use: Scroll            ||     3
Armor: Skin              ||    13
Dodge: Dodged            ||    32

Table legend: (Time is in decaauts)
 A = Elapsed time spent in this place.
 B = Non-inter-level travel time spent in this place.
 C = Inter-level travel time spent in this place.
 D = Time resting spent in this place.
 E = Time spent auto-exploring this place.
 F = Levels seen in this place.
 G = Mean time per level.
                   A        B        C        D        E       F      G
               +--------+--------+--------+--------+--------+-----+--------+
         Total |   1926 |   1918 |      8 |    326 |   1376 |   3 |  642.0 |
       Dungeon |   1926 |   1918 |      8 |    326 |   1376 |   3 |  642.0 |
               +--------+--------+--------+--------+--------+-----+--------+

Top non-repeatable levels by time:
     D:2: 1208 daAuts
     D:1: 708 daAuts
     D:3: 9 daAuts
